 Dungeon Crawl Stone Soup version 0.29.1-15-g9cfb28693d (webtiles) character file.

Game seed: 5671860819969481411

2313099 p0werm0de the Impregnable (level 21, 204/204 HPs)
             Began as a Minotaur Fighter on Apr 5, 2023.
             Was the Champion of Okawaru.
             Escaped with the Orb
             ... and 3 runes!
             The game lasted 00:33:29 (33351 turns).

p0werm0de the Impregnable (Minotaur Fighter)       Turns: 33351, Time: 00:33:29

Health: 204/204    AC: 40    Str: 36    XL:     21   Next: 25%
Magic:  40/41      EV: 13    Int:  8    God:    Okawaru [******]
Gold:   2260       SH: 27    Dex: 11    Spells: 20/20 levels left

rFire   + . .      SeeInvis +   a - +6 broad axe "Faimucko" {vamp, Fragile MP+9 Dex+2 SInv}
rCold   + + .      Faith    .   k - +0 tower shield
rNeg    + + +      Spirit   .   o - +4 gold dragon scales
rPois   +          Reflect  .   N - +1 hat "Ycriagu" {rF- rN++ MP+9 Slay+5}
rElec   +          Harm     .   F - +2 cloak {rCorr}
rCorr   +          Rampage  +   R - +2 pair of gloves "Buijob" {Rampage *Slow rElec Slay+2}
Will    +....                   x - +1 pair of boots of the Teacher {rC+ rN+ Str+2}
Stlth   ..........              d - amulet of regeneration
HPRegen 1.24/turn               f - ring of protection from fire
MPRegen 0.27/turn               p - +4 ring of protection

@: heroic, finesse-ful
A: horns 2, retaliatory headbutt, large bone plates 1, clever 1, deformed body,
deterioration 1, low MP 2, strong 1, subdued magic 1, MP-powered wands
0: Orb of Zot
}: 3/15 runes: barnacled, slimy, gossamer
a: Renounce Religion, Heroism, Finesse, Duel


You escaped.
You worshipped Okawaru.
Okawaru was exalted by your worship.
You visited 9 branches of the dungeon, and saw 45 of its levels.
You also visited: Sewer and Ice Cave.

You collected 3817 gold pieces.
You spent 1557 gold pieces at shops.

Inventory:

Hand Weapons
 a - the +6 broad axe "Faimucko" (weapon) {vamp, Fragile MP+9 Dex+2 SInv}
   (Okawaru gifted it to you on level 2 of the Orcish Mines)

   It occasionally heals its wielder for a portion of the damage dealt when it
   wounds a living foe.
   Dex:       It affects your dexterity (+2).
   MP:        It affects your magic capacity (+9).
   SInv:      It lets you see invisible.
   Fragile:   It will be destroyed if unequipped.
 l - a +0 vampiric broad axe
   (You took it off a draconian knight on level 2 of the Realm of Zot)
 u - a +1 whip of distortion
   (You took it off an orc on level 6 of the Dungeon)
 J - the +9 broad axe "Worankeq" {vorpal, rF+}
   (Okawaru gifted it to you on level 1 of the Spider Nest)

   It inflicts extra damage upon your enemies.
   rF:        It protects you from fire.
Missiles
 C - 6 curare-tipped darts (quivered)
 E - 2 throwing nets
Armour
 k - a +0 tower shield (worn)
   (You took it off Louise on level 2 of the Depths)
 o - +4 gold dragon scales (worn)
   (You found it on level 4 of the Depths)
 x - the +1 pair of boots of the Teacher (worn) {rC+ rN+ Str+2}
   (Okawaru gifted it to you on level 4 of the Realm of Zot)

   Str:       It affects your strength (+2).
   rC:        It protects you from cold.
   rN:        It protects you from negative energy.
 F - a +2 cloak of preservation (worn)
   (You found it on level 5 of the Pits of Slime)
 N - the +1 hat "Ycriagu" (worn) {rF- rN++ MP+9 Slay+5}
   (You bought it in a shop on level 2 of the Orcish Mines)

   Slay:      It affects your accuracy & damage with ranged weapons and melee
   (+5).
   rF:        It makes you vulnerable to fire.
   rN:        It greatly protects you from negative energy.
   MP:        It affects your magic capacity (+9).
 R - the +2 pair of gloves "Buijob" (worn) {Rampage *Slow rElec Slay+2}
   (You found it on level 4 of the Spider Nest)

   Slay:      It affects your accuracy & damage with ranged weapons and melee
   (+2).
   rElec:     It insulates you from electricity.
   *Slow:     It may slow you when you take damage.
   Rampage:   It bestows one free step when moving towards enemies.
 W - the +3 warlock's mirror {reflect}
   (Okawaru gifted it to you on level 2 of the Spider Nest)

   It can block and reflect piercing ranged attacks and magical attacks against
   the wielder's willpower.
 Z - the +10 crystal plate armour of the Untouchables {rPois Will++ rCorr Slay-3}
   (Okawaru gifted it to you in an ice cave)

   Slay:      It affects your accuracy & damage with ranged weapons and melee
   (-3).
   rPois:     It protects you from poison.
   rCorr:     It protects you from acid and corrosion.
   Will:      It greatly increases your willpower.
Jewellery
 d - an amulet of regeneration (around neck)
   (You found it on level 2 of the Shoals)
 f - a ring of protection from fire (left hand)
   (You bought it in a shop on level 15 of the Dungeon)
 p - a +4 ring of protection (right hand)
   (You found it on level 5 of the Pits of Slime)
 s - a ring of fire
   (You found it on level 3 of the Dungeon)
 B - the ring "Koqimy" {Ice Int+4 Slay+3}
   (You took it off Josephina on level 1 of the Realm of Zot)

   [ring of ice]

   It enhances your ice magic.
   Int:       It affects your intelligence (+4).
   Slay:      It affects your accuracy & damage with ranged weapons and melee
   (+3).
   rF:        It makes you vulnerable to fire.
   rC:        It protects you from cold.
 K - a ring of positive energy
   (You found it on level 10 of the Dungeon)
Wands
 b - a wand of flame (74)
   (You found it on level 9 of the Dungeon)
 i - a wand of mindburst (9)
   (You found it on level 3 of the Depths)
 v - a wand of digging (16)
   (You found it on level 2 of the Dungeon)
 y - a wand of paralysis (37)
   (You found it on level 7 of the Dungeon)
 I - a wand of roots (9)
   (You found it on level 3 of the Lair of Beasts)
 U - a wand of acid (16)
   (You found it on level 15 of the Dungeon)
Scrolls
 j - 3 scrolls of brand weapon
 m - 8 scrolls of fear
 r - 15 scrolls of identify
 t - 13 scrolls of teleportation
 z - a scroll of blinking
 A - a scroll of magic mapping
 D - 3 scrolls of poison
 M - 3 scrolls of enchant weapon
 Q - a scroll of immolation
 V - 2 scrolls of vulnerability
 X - 2 scrolls of silence
Potions
 g - 4 potions of flight
 n - 3 potions of attraction
 q - 7 potions of curing
 w - 2 potions of heal wounds
 G - 12 potions of ambrosia
 L - 3 potions of berserk rage
 O - 2 potions of mutation
 P - a potion of magic
 T - 4 potions of cancellation
 Y - 2 potions of lignification
Miscellaneous
 c - a condenser vane
   (You found it on level 5 of the Pits of Slime)
 H - a phial of floods
   (You found it on level 9 of the Dungeon)
 S - a lightning rod (4/4)
   (You found it on level 1 of the Spider Nest)


   Skills:
 * Level 21.3(26.3) Fighting
 * Level 21.2(26.2) Axes
 * Level 21.3(26.3) Armour
 - Level 10.0(15.0) Dodging
 * Level 21.2(26.2) Shields
 - Level 12.0 Invocations
 - Level 10.0 Evocations


You had 20 spell levels left.
You didn't know any spells.
Your spell library contained the following spells:

 Spells                   Type           Power      Damage    Failure   Level
 Foxfire                  Conj/Fire      0%         2x1d4     88%         1
 Slow                     Hex            0%         N/A       88%         1
 Blink                    Tloc           0%         N/A       96%         2
 Ensorcelled Hibernation  Hex/Ice        0%         N/A       96%         2
 Passwall                 Tmut/Erth      0%         N/A       96%         2
 Poisonous Vapours        Pois/Air       0%         N/A       96%         2
 Static Discharge         Conj/Air       0%         3-3/arc   96%         2
 Sublimation of Blood     Necr           0%         N/A       96%         2
 Wereblood                Tmut           0%         N/A       96%         2
 Confusing Touch          Hex            0%         N/A       99%         3
 Conjure Flame            Conj/Fire      0%         6-21      99%         3
 Dazzling Flash           Conj/Hex       0%         N/A       99%         3
 Gell's Gravitas          Tloc           0%         N/A       99%         3
 Ignite Poison            Fire/Tmut/Pois 0%         N/A       99%         3
 Lesser Beckoning         Tloc           0%         N/A       99%         3
 Swiftness                Air            0%         N/A       99%         3
 Teleport Other           Tloc           0%         N/A       99%         3
 Vampiric Draining        Necr           0%         2d6       99%         3
 Airstrike                Air            0%         2d(0-16)  100%        4
 Corpse Rot               Necr/Pois/Air  0%         N/A       100%        4
 Dispel Undead            Necr           0%         3d6       100%        4
 Fulminant Prism          Conj/Hex       0%         3d6       100%        4
 Iskenderun's Mystic Bla  Conj/Tloc      0%         2d3       100%        4
 Leda's Liquefaction      Hex/Erth       0%         N/A       100%        4
 Passage of Golubria      Tloc           0%         N/A       100%        4
 Petrify                  Tmut/Erth      0%         N/A       100%        4
 Sticky Flame             Conj/Fire      0%         2d3       100%        4
 Agony                    Necr           0%         N/A       100%        5
 Blade Hands              Tmut           0%         N/A       100%        5
 Freezing Cloud           Conj/Ice/Air   0%         6-21      100%        5
 Irradiate                Conj/Tmut      0%         3d11      100%        5
 Lee's Rapid Deconstruct  Erth           0%         3d5*      100%        5
 Lightning Bolt           Conj/Air       0%         1d11      100%        5
 Manifold Assault         Tloc           0%         N/A       100%        5
 Metabolic Englaciation   Hex/Ice        0%         N/A       100%        5
 Silence                  Hex/Air        0%         N/A       100%        5
 Yara's Violent Unravell  Hex/Tmut       0%         3d3       100%        5
 Dispersal                Tloc           0%         N/A       100%        6
 Eringya's Noxious Bog    Tmut/Pois      0%         N/A       100%        6
 Iron Shot                Conj/Erth      0%         9d1       100%        6
 Starburst                Conj/Fire      0%         6d3       100%        6
 Statue Form              Tmut/Erth      0%         N/A       100%        6
 Storm Form               Tmut/Air       0%         N/A       100%        7
 Disjunction              Tloc           0%         N/A       100%        8
 Polar Vortex             Ice            0%         N/A       100%        9
 Shatter                  Erth           0%         3d5*      100%        9
 Tukima's Dance           Hex            Unusable   N/A       N/A         3
 Animate Armour           Summ/Erth      Unusable   N/A       N/A         4
 Animate Dead             Necr           Unusable   N/A       N/A         4
 Summon Lightning Spire   Summ/Air       Unusable   N/A       N/A         4
 Death Channel            Necr           Unusable   N/A       N/A         6
 Simulacrum               Ice/Necr       Unusable   N/A       N/A         6
 Haunt                    Necr/Summ      Unusable   N/A       N/A         7
 Summon Hydra             Summ           Unusable   N/A       N/A         7
 Infestation              Necr           Unusable   N/A       N/A         8

Dungeon Overview and Level Annotations

Branches:
Dungeon (15/15)            Temple (1/1) D:6            Lair (5/5) D:11
 Shoals (4/4) Lair:3       Spider (4/4) Lair:2        Slime (5/5) Lair:5
    Orc (2/2) D:10            Elf (0/3) Orc:2        Depths (4/4) D:15
    Zot (5/5) Depths:4      Sewer (visited)           IceCv (visited)
 Vaults: D:13-14

Altars:
Ashenzari
Cheibriados
Dithmenos
Elyvilon
Fedhas
Gozag
Hepliaklqana
Kikubaaqudgha
Makhleb
Nemelex Xobeh
Okawaru
Qazlal
Ru
Sif Muna
Trog
Uskayaw
Vehumet
Wu Jian
Xom
Yredelemnul
Zin
The Shining One
Jiyva

Shops:
D:4 *   D:8 (   D:9 *   D:15 =   Orc:2 [[**   Depths:3 :

Portals:
Hell: Lair:5 Depths:2 Depths:3 Depths:4
Abyss: Depths:2 Depths:3
Ziggurat: Depths:3

Annotations:
D:5 2 transporters
Zot:5 exclusion: obsidian statue


Innate Abilities, Weirdness & Mutations

You have a pair of horns on your head.
You reflexively headbutt those who attack you in melee.
You are partially covered in large bone plates. (SH +4)
Your mind is acute. (Int +4, Str/Dex -1)
Armour fits poorly on your strangely shaped body.
Your body sometimes deteriorates upon taking damage.
Your magical capacity is very low. (-20% MP)
Your muscles are strong. (Str +4, Int/Dex -1)
Your spells are a little easier to cast, but a little less powerful.
You expend magic power (3 MP) to strengthen your wands.


Message History

You barely miss Ganacashiub.
Ganacashiub is heavily wounded.
You closely miss the hellwing. You miss the neqoxec.
You block the neqoxec's attack.
The hellwing hits you but does no damage.
You block the hellwing's attack.
You slice Ganacashiub!!
Ganacashiub is severely wounded.
You carve the neqoxec like a ham!!!
You kill the neqoxec!
The neqoxec disappears in a puff of smoke!
You closely miss the hellwing. You slice Ganacashiub!!
You headbutt Ganacashiub!
Ganacashiub is almost dead.
You slice the hellwing!!
You kill the hellwing!
The hellwing disappears in a puff of smoke!
Ganacashiub kicks you.
You barely miss Ganacashiub.
Ganacashiub is almost dead.
The hellwing swoops through the air toward you!
You block the hellwing's attack. x2
You hit Ganacashiub but do no damage.
Ganacashiub is almost dead.
You slice the hellwing!! Ganacashiub kicks you!
You slice Ganacashiub!!
You kill Ganacashiub!
Okawaru accepts your kill.
The hellwing disappears in a puff of smoke!
(D) Dungeon (T) Temple (L) Lair (A) Shoals (N) Spider Nest (M) Slime Pits (O) Orcish Mines (E) Elven Halls (U) Depths (H) Hell (Z) Zot
Where to? (Enter - D:1 @ (x,y), ? - help)
There is a stone staircase leading down, spattered with blood here.
HP restored.
An orange demon comes into view.
The orange demon closely misses you.
There is a staircase leading out of the dungeon here.
You block the orange demon's attack.
You have escaped!

#.#.#...~~~~.≈~~~.# #.# #.#
#.#.###.~~~~.~~~≈.# #.# #.#
#.#.# #.~~~~.~~~~.# #.# #.#
# #.#.# #.~~~~.~~~≈.# #.#
#.# # #.#.#
#.~≈≈~.~≈≈~.###.# #.#
#####.#.###.~≈≈~.~≈≈~.....#
#.#
#...........P~≈...~~P.#####
#.. #.#####..##...4.......#
##. .........##.....@.....#
#. #.######.##...........#
#. ..# #.##.P≈~...~~P.# #.
### #.##.~~≈≈.~≈~~.## #.
#.#..~≈≈~.~≈≈~..## #.
#.#..~~~≈.~~~~...########.
#.#..≈~~~.≈~~≈............
#.#..≈~~~.~~~~..##########
#.#..~~~~.~~~~..#


You could see an orange demon.

Vanquished Creatures
  the Royal Jelly (Slime:5)
  Dissolution (Slime:2)
  Josephina (Zot:1)
  A curse toe (Zot:2)
  A pandemonium lord (D:1)
  8 golden dragons
  Nikola (Spider:3)
  A profane servitor (Depths:3)
  A Brimstone Fiend (D:15)
  A Tzitzimitl (Zot:3)
  6 tentacled monstrosities
  2 liches (Depths:2)
  12 Orb Guardians
  2 quicksilver dragons
  18 acid blobs
  A walking frostbound tome (Depths:3)
  6 death cobs
  Agnes (Spider:1)
  2 sphinxes
  Polyphemus (Shoals:2)
  5 storm dragons
  8 shadow dragons
  Roxanne (D:15)
  5 tengu reavers
  8 azure jellies (Slime:5)
  8 fire giants
  Ilsuiw (Arena)
  2 iron dragons
  11 rockslimes
  7 emperor scorpions (Spider:4)
  A draconian scorcher (Zot:3)
  A cacodemon (Zot:3)
  2 ghost moths (Spider:4)
  Louise (Depths:2)
  A draconian knight (Zot:2)
  5 frost giants
  Aizul (Shoals:2)
  3 draconian shifters
  3 draconian annihilators
  11 stone giants
  A spriggan defender (Depths:2)
  2 broodmothers
  6 very ugly things
  7 quicksilver oozes
  4 vampire knights
  2 black draconians
  Azrael (D:15)
  3 entropy weavers
  3 green draconians
  Nessos (D:14)
  12 spark wasps
  10 red draconians
  6 white draconians
  A dire elephant (Lair:5)
  A purple draconian (Zot:2)
  4 yellow draconians
  3 minotaurs (Shoals:4)
  Snorg (Lair:4)
  11 ettins
  4 merfolk impalers
  8 fire dragons
  4 great orbs of eyes (Slime:5)
  4 rakshasas
  5 boulder beetles
  4 spriggan air magi
  3 radroaches
  4 hydras
  A merfolk avatar (Shoals:4)
  2 catoblepae
  5 ice dragons
  An alligator snapping turtle (Shoals:4)
  A centaur warrior (D:14)
  2 merfolk aquamancers (Shoals:4)
  5 deep troll shamans
  3 jorogumos
  Erica (Orc:1)
  8 death yaks
  A two-headed ogre (Orc:1)
  5 satyrs (Shoals:4)
  8 deep troll earth magi
  7 tengu warriors
  2 orc high priests (Orc:2)
  8 spriggan berserkers
  A hell knight (Depths:2)
  A soul eater (Depths:2)
  2 sun demons
  2 sun moths
  A sixfirhy (Zot:3)
  8 pharaoh ants
  2 iron trolls
  11 deep trolls
  A glowing orange brain (Depths:1)
  7 sea snakes
  An orange crystal statue (D:14)
  8 orb spiders
  A flayed ghost (Depths:2)
  4 phantasmal warriors
  7 steelbarb worms
  20 harpies
  An obsidian statue (IceCv)
  3 spriggan simulacra (IceCv)
  2 wizards
  Pikel (D:4)
  An orc knight (D:15)
  A deep elf zephyrmancer (D:15)
  4 shining eyes
  2 necromancers
  6 cyclopes
  20 wolf spiders
  A wolf spider zombie (D:15)
  11 fauns
  12 manticores
  8 ugly things
  5 orc sorcerers
  6 merfolk sirens
  12 moths of wrath
  A centaur zombie (D:15)
  16 elephants
  Maurice (D:8)
  2 naga magi (D:15)
  12 cane toads
  2 eyes of devastation
  4 black mambas
  A smoke demon (Lair:5)
  A water nymph (Shoals:2)
  4 orange demons
  2 gargoyles
  2 torpor snails
  A hellion (Depths:2)
  A centaur skeleton (D:15)
  An efreet (D:7)
  5 demonic crawlers
  A freezing wraith (IceCv)
  8 rime drakes
  3 tengu conjurers (Depths:2)
  10 komodo dragons
  27 merfolk
  6 ice devils
  2 red devils
  3 hellwings (Depths:2)
  4 hornets
  3 polar bears
  A queen bee (Lair:2)
  8 trolls
  32 tarantellas
  A wind drake (Shoals:4)
  A draconian simulacrum (Zot:1)
  12 blink frogs
  35 slime creatures
  14 dream sheep
  8 snapping turtles
  29 jumping spiders
  4 shadows
  2 centaur simulacra (D:15)
  18 culicivoras
  2 spriggans (Depths:3)
  16 water elementals
  2 vampires
  A spriggan (shapeshifter) (D:15)
  Sigmund (D:3)
  39 yaks
  2 wyverns
  7 golden eyes
  4 basilisks
  4 fire elementals (D:15)
  A redback (shapeshifter) (Depths:2)
  61 redbacks
  2 steam dragons
  7 minotaur simulacra (IceCv)
  8 vampire mosquitoes
  Menkaure (D:7)
  6 wargs
  4 acid dragons
  14 water moccasins
  A floating eye (Depths:2)
  4 hell hounds
  A black bear (shapeshifter) (Depths:2)
  4 black bears
  9 ice beasts
  23 orc warriors
  An alligator simulacrum (IceCv)
  2 ogres
  23 wolves
  A phantom (D:5)
  6 centaurs
  4 lemures (D:4)
  A kobold brigand (D:9)
  11 bullfrogs
  8 deep troll simulacra (IceCv)
  2 necrophages
  A scorpion (D:6)
  12 wights
  A lindwurm simulacrum (IceCv)
  2 troll zombies (D:10)
  27 killer bees
  5 howler monkeys
  11 electric eels
  6 jellies
  23 orc priests
  3 hounds
  A gnoll bouda (D:7)
  4 iguanas
  29 orc wizards
  A hell rat (Sewer)
  4 ogre zombies (D:10)
  A killer bee simulacrum (D:8)
  7 gnolls
  10 adders
  2 river rats (Sewer)
  4 white imps (D:8)
  A worm (D:2)
  3 dart slugs
  50 orcs
  5 bats
  8 endoplasms
  15 giant cockroaches
  9 goblins
  15 hobgoblins
  2 jackals (D:3)
  6 quokkas
  6 ball pythons
  5 frilled lizards
  2 goblin zombies (D:10)
  A hobgoblin skeleton (D:10)
  4 hobgoblin zombies (D:10)
  13 kobolds
  2 orc skeletons (D:10)
  10 orc zombies (D:10)
  5 rats
  A spectral orc (D:3)
1389 creatures vanquished.

Vanquished Creatures (collateral kills)
  An ogre (D:4)
  A dart slug (D:4)
2 creatures vanquished.

Vanquished Creatures (others)
  An Orb Guardian (Zot:5)
  A ghost moth (Spider:4)
  A draconian annihilator (Zot:3)
  A red draconian (Zot:3)
  An ettin (Depths:2)
  A centaur warrior (D:15)
  A moth of wrath (Zot:1)
  A ghost moth simulacrum (Zot:1)
  2 moth of wrath simulacra (Zot:1)
  36 fungi
  42 plants
88 creatures vanquished.

Grand Total: 1479 creatures vanquished

Notes
Turn   | Place    | Note
-------+----------+-------------------------------------------
     0 | D:1      | p0werm0de the Minotaur Fighter began the quest for the Orb.
     0 | D:1      | Reached XP level 1. HP: 19/19 MP: 0/0
   130 | D:1      | Reached XP level 2. HP: 27/27 MP: 1/1
   367 | D:1      | Found a faded altar of an unknown god.
   585 | D:1      | Reached XP level 3. HP: 33/33 MP: 2/2
  1088 | D:2      | Reached XP level 4. HP: 34/41 MP: 3/3
  1543 | D:2      | Reached XP level 5. HP: 43/47 MP: 4/4
  1894 | D:3      | Noticed Sigmund
  1906 | D:3      | Killed Sigmund
  1907 | D:3      | Reached skill level 5 in Fighting
  1907 | D:3      | Reached skill level 5 in Armour
  1907 | D:3      | Reached skill level 5 in Shields
  1907 | D:3      | Reached skill level 1 in Evocations
  1907 | D:3      | Reached XP level 6. HP: 35/56 MP: 5/5
  2050 | D:3      | Found a basalt altar of Yredelemnul.
  2104 | D:3      | Found a glowing drain.
  2114 | Sewer    | Entered a sewer
  3044 | D:4      | Found Zetua's Overcharged Wands.
  3135 | D:4      | Reached XP level 7. HP: 61/61 MP: 6/6
  3193 | D:4      | Noticed Pikel
  3211 | D:4      | Killed Pikel
  3212 | D:4      | Reached skill level 5 in Axes
  3212 | D:4      | Reached XP level 8. HP: 9/70 MP: 7/7
  3847 | D:5      | Entered Level 5 of the Dungeon
  3916 | D:5      | Found a transporter.
  3935 | D:5      | Found a transporter.
  4145 | D:5      | Got Oxude's Incunabulum of the Barrage and Snow
  4257 | D:5      | Found a shadowy altar of Dithmenos.
  4619 | D:5      | Found a glowing silver altar of Zin.
  4703 | D:5      | Found a sparkling altar of Nemelex Xobeh.
  4703 | D:5      | Found a shimmering altar of Xom.
  4954 | D:6      | Found a staircase to the Ecumenical Temple.
  4959 | Temple   | Entered the Ecumenical Temple
  5046 | Temple   | Became a worshipper of Warmaster Okawaru
  5504 | D:6      | Found a hide-covered altar of Uskayaw.
  5604 | D:6      | Reached skill level 1 in Invocations
  5669 | D:6      | Reached skill level 1 in Dodging
  6004 | D:7      | Reached XP level 9. HP: 76/79 MP: 9/9
  6034 | D:7      | Noticed Menkaure
  6042 | D:7      | Killed Menkaure
  6042 | D:7      | Reached * piety under Okawaru
  6332 | D:7      | Found a snail-covered altar of Cheibriados.
  6343 | D:7      | Found a radiant altar of Vehumet.
  7292 | D:7      | Got the Spellbook of Shapeshifting
  7755 | D:8      | Reached ** piety under Okawaru
  8049 | D:8      | Reached skill level 5 in Evocations
  8049 | D:8      | Reached XP level 10. HP: 50/88 MP: 11/11
  8053 | D:8      | Noticed Maurice
  8062 | D:8      | Killed Maurice
  8062 | D:8      | Reached *** piety under Okawaru
  8611 | D:8      | Found a blossoming altar of Fedhas.
  8653 | D:8      | Found Affep's Weapon Shop.
  8661 | D:8      | Bought 3 curare-tipped darts for 25 gold pieces
  9204 | D:9      | Reached **** piety under Okawaru
  9625 | D:9      | Found Oviumiots's Assorted Antiques.
  9632 | D:9      | Bought a fizzy sapphire potion for 26 gold pieces
  9858 | D:10     | Entered Level 10 of the Dungeon
  9901 | D:10     | Found a staircase to the Orcish Mines.
 10343 | D:10     | Reached XP level 11. HP: 87/97 MP: 13/13
 10463 | D:10     | Reached skill level 5 in Invocations
 10950 | D:11     | Reached ***** piety under Okawaru
 11447 | D:11     | Found a staircase to the Lair.
 11872 | D:12     | Noticed a boulder beetle
 11887 | D:12     | Killed a boulder beetle
 12292 | D:12     | Reached skill level 10 in Armour
 12364 | D:12     | Reached skill level 10 in Fighting
 12593 | Orc:1    | Entered Level 1 of the Orcish Mines
 12604 | Orc:1    | Reached skill level 10 in Shields
 12607 | Orc:1    | Received a gift from Okawaru
 12781 | Orc:2    | Entered Level 2 of the Orcish Mines
 12781 | Orc:2    | Found a staircase to the Elven Halls.
 12809 | Orc:2    | Noticed an orc sorcerer
 12812 | Orc:2    | Noticed an orc sorcerer
 12822 | Orc:2    | Noticed a soul eater
 13157 | Orc:2    | Killed an orc sorcerer
 13176 | Orc:2    | Killed an orc sorcerer
 13177 | Orc:2    | Reached skill level 10 in Axes
 13182 | Orc:2    | Noticed an orc high priest
 13644 | Orc:2    | Killed an orc high priest
 13645 | Orc:2    | Reached XP level 12. HP: 107/107 MP: 13/15
 13689 | Orc:2    | Found Ememao's Armour Shoppe.
 13689 | Orc:2    | Found Myffam's Armour Shoppe.
 13690 | Orc:2    | Found Wyushravu's General Store.
 13710 | Orc:2    | Found Hux Guh's General Store.
 13801 | Orc:2    | Bought the +1 hat "Ycriagu" {rF- rN++ MP+9 Slay+5} for 1009
                  | gold pieces
 13854 | Orc:2    | Bought 2 scrolls of teleportation for 96 gold pieces
 14007 | Orc:2    | Noticed an orc high priest
 14018 | Orc:2    | Killed an orc high priest
 14026 | Orc:2    | Identified the +6 broad axe "Faimucko" {vamp, Fragile MP+9
                  | Dex+2 SInv} (Okawaru gifted it to you on level 2 of the
                  | Orcish Mines)
 14026 | Orc:2    | Received a gift from Okawaru
 14031 | Orc:2    | Reached skill level 5 in Dodging
 14832 | Orc:1    | Noticed Erica
 14839 | Orc:1    | Killed Erica
 14886 | Orc:1    | Noticed a two-headed ogre
 14894 | Orc:1    | Killed a two-headed ogre
 15208 | Lair:1   | Entered Level 1 of the Lair of Beasts
 15238 | Lair:1   | Received a gift from Okawaru
 15351 | Orc:2    | Bought a +0 tower shield for 76 gold pieces
 15478 | Lair:1   | Found a hide-covered altar of Uskayaw.
 15821 | Lair:1   | Found an ornate altar of the Wu Jian Council.
 15821 | Lair:1   | Noticed a boulder beetle
 15840 | Lair:1   | Killed a boulder beetle
 16182 | Lair:2   | Noticed a four-headed hydra
 16198 | Lair:2   | Killed an 11-headed hydra
 16209 | Lair:2   | Reached XP level 13. HP: 33/116 MP: 17/17
 16627 | Lair:2   | Found a hole to the Spider Nest.
 16872 | Lair:2   | Reached ****** piety under Okawaru
 17850 | Lair:3   | Identified the +1 hat of Okawaru's Reproof {Harm} (Okawaru
                  | gifted it to you on level 3 of the Lair of Beasts)
 17850 | Lair:3   | Received a gift from Okawaru
 18528 | Lair:3   | Found a staircase to the Shoals.
 18534 | Lair:3   | Reached XP level 14. HP: 125/127 MP: 19/19
 18819 | Lair:4   | Gained mutation: Your mind is acute. (Int +4, Str/Dex -1)
                  | [potion of mutation]
 18819 | Lair:4   | Gained mutation: You have a pair of large horns on your
                  | head. [potion of mutation]
 18819 | Lair:4   | Gained mutation: You are frail. (-10% HP) [potion of
                  | mutation]
 18819 | Lair:4   | Gained mutation: Your muscles are strong. (Str +4, Int/Dex
                  | -1) [potion of mutation]
 18822 | Lair:4   | Lost mutation: You have a pair of large horns on your head.
                  | [potion of mutation]
 18822 | Lair:4   | Lost mutation: Your muscles are strong. (Str +4, Int/Dex
                  | -1) [potion of mutation]
 18822 | Lair:4   | Lost mutation: You are frail. (-10% HP) [potion of
                  | mutation]
 18822 | Lair:4   | Gained mutation: You expend magic power (3 MP) to
                  | strengthen your wands. [potion of mutation]
 18822 | Lair:4   | Gained mutation: Your muscles are strong. (Str +4, Int/Dex
                  | -1) [potion of mutation]
 18822 | Lair:4   | Gained mutation: You are agile. (Dex +4, Str/Int -1)
                  | [potion of mutation]
 18946 | Lair:4   | Noticed Snorg
 18951 | Lair:4   | Identified the +0 chain mail of Zudut {rC+++ Int-5 Stlth+}
                  | (Okawaru gifted it to you on level 4 of the Lair of Beasts)
 18951 | Lair:4   | Received a gift from Okawaru
 18957 | Lair:4   | Killed Snorg
 19186 | Lair:4   | Identified the +8 lajatang "Jocoeneh" {flame, Str+4}
 19450 | Lair:5   | Entered Level 5 of the Lair of Beasts
 19557 | Lair:5   | HP: 1/127 [14-headed hydra (12)]
 19863 | Lair:5   | Found a viscous altar of Jiyva.
 19864 | Lair:5   | Found a staircase to the Slime Pits.
 20155 | Lair:5   | Identified the +3 leather armour of Dawn {rC+++ Will+ Int-4
                  | Slay+3}
 20579 | Lair:5   | Found a burning altar of Makhleb.
 20945 | Lair:5   | Received a gift from Okawaru
 20996 | Lair:5   | Found a gateway to Hell.
 21239 | Spider:1 | Entered Level 1 of the Spider Nest
 21264 | Spider:1 | Noticed Agnes
 21273 | Spider:1 | Killed Agnes
 21953 | Spider:1 | Reached skill level 10 in Evocations
 22118 | Spider:1 | Identified the +9 broad axe "Worankeq" {vorpal, rF+}
                  | (Okawaru gifted it to you on level 1 of the Spider Nest)
 22118 | Spider:1 | Received a gift from Okawaru
 22212 | Spider:1 | Reached XP level 15. HP: 136/136 MP: 21/21
 22361 | Spider:1 | Reached skill level 10 in Invocations
 23372 | Spider:2 | Received a gift from Okawaru
 23372 | Spider:2 | Found the +3 warlock's mirror {reflect}
 23996 | Spider:3 | Noticed Nikola
 24006 | Spider:3 | Killed Nikola
 24381 | Spider:3 | Found a frozen archway.
 24392 | IceCv    | Entered an ice cave
 24656 | IceCv    | Identified the +10 crystal plate armour of the Untouchables
                  | {rPois Will++ rCorr Slay-3} (Okawaru gifted it to you in an
                  | ice cave)
 24656 | IceCv    | Received a gift from Okawaru
 25065 | Spider:4 | Entered Level 4 of the Spider Nest
 25065 | Spider:4 | Noticed an emperor scorpion
 25079 | Spider:4 | Killed an emperor scorpion
 25102 | Spider:4 | Reached XP level 16. HP: 147/147 MP: 23/23
 25365 | Spider:4 | Reached skill level 15 in Armour
 25404 | Spider:4 | Reached skill level 15 in Fighting
 25440 | Spider:4 | Identified the +4 scale mail of Day {rPois rF- rCorr
                  | Stlth+}
 25514 | Spider:4 | Reached skill level 15 in Shields
 25838 | Spider:4 | Reached skill level 15 in Axes
 25876 | Spider:4 | Received a gift from Okawaru
 25935 | Spider:4 | Identified the +2 pair of gloves "Buijob" {Rampage *Slow
                  | rElec Slay+2}
 25982 | Spider:4 | Got a gossamer rune of Zot
 26307 | Shoals:1 | Entered Level 1 of the Shoals
 26346 | Shoals:2 | Noticed Ilsuiw
 26356 | Shoals:2 | Noticed Polyphemus
 26365 | Arena    | Entered the Arena
 26383 | Arena    | Killed Ilsuiw
 26416 | Shoals:2 | Noticed Aizul
 26424 | Shoals:2 | Killed Polyphemus
 26428 | Shoals:2 | Killed Aizul
 26687 | Shoals:3 | Reached XP level 17. HP: 149/158 MP: 25/25
 26706 | Shoals:3 | Received a gift from Okawaru
 26745 | Shoals:4 | Entered Level 4 of the Shoals
 26940 | Shoals:4 | Got a barnacled rune of Zot
 26955 | Shoals:4 | Received a gift from Okawaru
 27226 | Shoals:4 | Identified the +6 short sword of the Bruised Wishes
                  | {vorpal, rCorr} (Okawaru gifted it to you on level 4 of the
                  | Shoals)
 27226 | Shoals:4 | Received a gift from Okawaru
 27437 | Slime:1  | Entered Level 1 of the Pits of Slime
 27443 | Slime:1  | Noticed an acid blob
 27451 | Slime:1  | Killed an acid blob
 27458 | Slime:2  | Noticed Dissolution
 27478 | Slime:1  | Reached skill level 10 in Dodging
 27504 | Slime:2  | Killed Dissolution
 27534 | Slime:2  | Noticed an acid blob
 27548 | Slime:2  | Killed an acid blob
 27572 | Slime:3  | Received a gift from Okawaru
 27607 | Slime:4  | Noticed an acid blob
 27614 | Slime:4  | Killed an acid blob
 27630 | Slime:5  | Entered Level 5 of the Pits of Slime
 27668 | Slime:5  | Noticed an acid blob
 27672 | Slime:5  | Noticed an acid blob
 27675 | Slime:5  | Killed an acid blob
 27680 | Slime:5  | Killed an acid blob
 27684 | Slime:5  | Noticed an acid blob
 27691 | Slime:5  | Killed an acid blob
 27691 | Slime:5  | Noticed the Royal Jelly
 27705 | Slime:5  | Noticed an acid blob
 27706 | Slime:5  | Noticed an acid blob
 27712 | Slime:5  | Noticed an acid blob
 27718 | Slime:5  | Killed an acid blob
 27718 | Slime:5  | Killed an acid blob
 27719 | Slime:5  | Reached XP level 18. HP: 131/170 MP: 26/26
 27731 | Slime:5  | Killed the Royal Jelly
 27747 | Slime:5  | Received a gift from Okawaru
 27980 | Slime:5  | Got a slimy rune of Zot
 28090 | Slime:1  | Lost mutation: You are agile. (Dex +4, Str/Int -1) [a
                  | shining eye]
 28093 | Slime:1  | Gained mutation: Your body sometimes deteriorates upon
                  | taking damage. [a shining eye]
 28426 | D:14     | Noticed Nessos
 28429 | D:14     | Killed Nessos
 28509 | D:15     | Entered Level 15 of the Dungeon
 28509 | D:15     | Found a white marble altar of Elyvilon.
 28522 | D:15     | Noticed Azrael
 28534 | D:15     | Killed Azrael
 28585 | D:15     | Found Deucep's Jewellery Emporium.
 28589 | D:15     | Bought a ring of protection from fire for 325 gold pieces
 28679 | D:15     | Identified Roxanne's Codex of Clay
 28679 | D:15     | Noticed Roxanne
 28695 | D:15     | Killed Roxanne
 28824 | D:15     | Found a staircase to the Depths.
 28966 | Depths:1 | Entered Level 1 of the Depths
 29293 | Depths:1 | Received a gift from Okawaru
 29645 | Depths:1 | Found a white marble altar of Elyvilon.
 29732 | Depths:2 | Reached XP level 19. HP: 153/181 MP: 27/27
 29803 | Depths:2 | Identified the +1 chain mail of the Game of Life {Int+4
                  | Dex+4} (Okawaru gifted it to you on level 2 of the Depths)
 29803 | Depths:2 | Received a gift from Okawaru
 29920 | Depths:2 | Noticed a golden dragon
 29930 | Depths:2 | Killed a golden dragon
 29930 | Depths:2 | Noticed a golden dragon
 29943 | Depths:2 | Killed a golden dragon
 29981 | Depths:2 | Identified the +6 war axe "Kupnuon" {vorpal, Str+10 Dex-5}
 30031 | Depths:2 | Found a one-way gate to the infinite horrors of the Abyss.
 30031 | Depths:2 | Noticed Louise
 30049 | Depths:2 | Killed Louise
 30189 | Depths:2 | Identified the +5 flail of the Muttering Mosquito {vamp,
                  | Str+3 Int-4 Dex+2}
 30683 | Depths:3 | Received a gift from Okawaru
 30742 | Depths:3 | Noticed a golden dragon
 30763 | Depths:3 | Killed a golden dragon
 30988 | Depths:3 | Identified the +10 war axe of Tortured Purpose {drain,
                  | Will+ Int-4 Dex+6} (Okawaru gifted it to you on level 3 of
                  | the Depths)
 30988 | Depths:3 | Received a gift from Okawaru
 31259 | Depths:3 | Found Ritu's Book Shop.
 31308 | Depths:3 | Reached XP level 20. HP: 179/193 MP: 28/28
 31501 | Depths:3 | Found a one-way gateway to a ziggurat.
 31551 | Depths:4 | Entered Level 4 of the Depths
 31647 | Depths:4 | Found a gate to the Realm of Zot.
 31647 | Depths:4 | Noticed a golden dragon
 31647 | Depths:4 | Noticed a golden dragon
 31652 | Depths:4 | Killed a golden dragon
 31664 | Depths:4 | Killed a golden dragon
 31664 | Depths:4 | Identified the +1 hat "Lunytiul" {Slay+3 Stlth+} (Okawaru
                  | gifted it to you on level 4 of the Depths)
 31664 | Depths:4 | Received a gift from Okawaru
 31684 | Zot:1    | Entered Level 1 of the Realm of Zot
 31684 | Zot:1    | Identified the ring "Koqimy" {Ice Int+4 Slay+3}
 31684 | Zot:1    | Noticed Josephina
 31836 | Zot:1    | Killed Josephina
 31945 | Zot:2    | Noticed a curse toe
 31962 | Zot:2    | Killed a curse toe
 32403 | Zot:3    | Noticed a golden dragon
 32424 | Zot:3    | Killed a golden dragon
 32640 | Zot:4    | Identified the +1 pair of boots of the Teacher {rC+ rN+
                  | Str+2} (Okawaru gifted it to you on level 4 of the Realm of
                  | Zot)
 32640 | Zot:4    | Received a gift from Okawaru
 32682 | Zot:4    | Noticed a golden dragon
 32688 | Zot:4    | Killed a golden dragon
 32707 | Zot:4    | Noticed a golden dragon
 32722 | Zot:4    | Killed a golden dragon
 32733 | Zot:5    | Entered Level 5 of the Realm of Zot
 32750 | Zot:5    | Noticed an orb of fire
 32750 | Zot:5    | Noticed a Killer Klown
 32750 | Zot:5    | Noticed a Killer Klown
 32750 | Zot:5    | Noticed an ancient lich
 32750 | Zot:5    | Noticed a Killer Klown
 32750 | Zot:5    | Noticed a curse toe
 32750 | Zot:5    | Noticed a Killer Klown
 32751 | Zot:5    | Gained mutation: Armour fits poorly on your strangely
                  | shaped body. [an orb of fire]
 32759 | Zot:5    | HP: 8/198 [Orb Guardian (13)]
 32760 | Arena    | Entered the Arena
 32786 | Zot:5    | Reached XP level 21. HP: 185/204 MP: 29/29
 32789 | Zot:5    | Got the Orb of Zot
 32789 | Zot:5    | Noticed a Killer Klown
 32791 | Zot:5    | Gained mutation: Your spells are a little easier to cast,
                  | but a little less powerful. [an orb of fire]
 32793 | Zot:5    | Gained mutation: Your magical capacity is low. (-10% MP)
                  | [an orb of fire]
 32796 | Zot:5    | Noticed a Killer Klown
 32800 | Zot:5    | Gained mutation: Your magical capacity is very low. (-20%
                  | MP) [an orb of fire]
 32834 | Zot:3    | Gained mutation: You are partially covered in large bone
                  | plates. (SH +4) [a cacodemon]
 32988 | Depths:3 | Noticed a profane servitor
 32994 | Depths:3 | Noticed Kag Lurhuk the pandemonium lord
 32999 | Depths:3 | Killed a profane servitor
 33195 | D:9      | Noticed Paoploluo the pandemonium lord
 33312 | D:2      | Noticed Ganacashiub the pandemonium lord
 33332 | D:1      | Killed Ganacashiub the pandemonium lord
 33351 | D:$      | Escaped with the Orb!

Illustrated notes

Levels and vault maps discovered:
D:1:      giann_bridges, layout_loops_ring, ebering_ecumenical_altar_hall,
          minmay_tiny_reverse_x
D:2:      minmay_recursive_quarters, layout_basic
D:3:      layout_basic, yredelemnul_forgotten_temple_becter,
          gup_sewer_entry_pipe, uniq_sigmund
D:4:      layout_layer_cave, nicolae_shop_overcharged_wands, uniq_pikel
D:5:      gammafunk_steamed_eel, layout_basic, overflow_temple_1_default,
          mainiacjoe_overflow_alcove_2, amethyst_overflow_temple_binary,
          hex_intersection
D:6:      layout_cave_pods, mainiacjoe_overflow_alcove_4,
          minmay_temple_entry_ruins
D:7:      layout_rooms, mainiacjoe_overflow_large_starburst,
          serial_co_window_serial, co_window_of_opportunity_a,
          co_window_corner_a, co_window_paths_a, co_window_paths_a,
          co_window_corner_a, co_window_corner_b, co_window_cross_2,
          co_window_corner_b, co_window_sun, co_window_4corner_a,
          glass_columns_a, glass_columns_c, glass_columns_a, sigmund_army,
          uniq_menkaure
D:8:      layout_basic, fedhas_ov_isle_minmay, serial_ice, serial_ice_h,
          serial_ice_b, serial_ice_j, serial_ice_a, serial_ice_d, serial_ice_c,
          serial_shops, shop, uniq_maurice
D:9:      layout_loops_ring, serial_shops, shop
D:10:     layout_rooms, zombieorc1_lemuel
D:11:     layout_basic, grunt_lair_entry_orc_guard_hut
D:12:     layout_rooms, hex_medium
D:13:     erik_rubicon_b, layout_cave_pools
D:14:     layout_loops_corners, erik_vaults_2, corexii_checkpoint_a,
          minivault_16, minmay_misc_feat_pillars, uniq_nessos
D:15:     grunt_enter_depths_magical_seal, layout_cave_pools, serial_shops,
          shop, lemuel_crystal_altar, uniq_roxanne, uniq_azrael
Temple:   hellmonk_temple_forest_ring
Lair:1:   layout_roguey, nzn_masters_of_martial_movement
Lair:2:   layout_gridlike, nicolae_spider_entry_tight_spaces, special_room
          [special_room_bee], grunt_megastairs_1
Lair:3:   layout_regular_city, elwin_shoals_entry_rooms, serial_bayou_pond_e,
          infiniplex_staircase_pool, serial_bayou_shore_a
Lair:4:   layout_cellular_growth, uniq_snorg
Lair:5:   evil_forest, layout_regular_city, nicolae_slime_entry_slimehenge
Shoals:1: cheibrodos_shoals_roost, layout_shoals, nicolae_shoals_this_corrosion
Shoals:2: layout_shoals, uniq_ilsuiw, uniq_donald, uniq_aizul, uniq_polyphemus
Shoals:3: layout_shoals, nicolae_shoals_enchanted_isle
Shoals:4: shoals_end_hellmonk_lost_city
Spider:1: layout_spider_delve, uniq_agnes
Spider:2: layout_spider_delve, nicolae_spider_shape
Spider:3: layout_spider_delve, portal_ice_cave_entry_dragon,
          spiders_nest_spider_trap, uniq_nikola
Spider:4: grunt_spider_rune_circles, hangedman_spider_tarantella_strand
Slime:1:  layout_caves
Slime:2:  cheibrodos_slime_lost_civilization_10, layout_caves,
          dissolution_awaits
Slime:3:  layout_caves, cheibrodos_slime_lost_civilization_7
Slime:4:  layout_caves, cheibrodos_slime_lost_civilization_6
Slime:5
Orc:1:    layout_diamond_mine, uniq_erica
Orc:2:    st_orc_mages, layout_caves, nooodl_orcs_dogs
Depths:1: layout_gridlike, pf_hell_entry_tar_spiral, serial_sigils,
          serial_sigils_hangedman_scratch, serial_sigils_hangedman_confine,
          serial_sigils_hangedman_etch, serial_sigils_hangedman_quiver,
          serial_bayou_shore_b, hangedman_decor_diamond_cutter,
          grunt_ministairs_14, hangedman_abyss_or_decor_lesser_grid,
          nicolae_elyvilon_temple_path
Depths:2: minmay_the_grid_square_5x5_4x4
          [minmay_the_grid_square_5x5_hollow_slash,
          minmay_the_grid_square_5x5_slash, minmay_the_grid_square_5x5_plus,
          minmay_the_grid_square_5x5_gyroscope,
          minmay_the_grid_square_5x5_three_small,
          minmay_the_grid_square_5x5_prize_pseudospiral,
          minmay_the_grid_square_5x5_prize_open, minmay_the_grid_square_5x5_six,
          minmay_the_grid_square_5x5_spiral_small,
          minmay_the_grid_square_5x5_prize_snowflake,
          minmay_the_grid_square_5x5_prize_rear_guard,
          minmay_the_grid_square_5x5_pentomino_r,
          minmay_the_grid_square_5x5_meh, minmay_the_grid_square_5x5_minibox,
          minmay_the_grid_square_5x5_six_small,
          minmay_the_grid_square_5x5_spiral], layout_cave_pools,
          nicolae_abyss_entry_one_way_or_another, pf_vacation_house_of_asmodeus,
          serial_column_ruins, column_ruins_hut_pillars,
          column_ruins_open_small_water, column_ruins_columns_straight,
          column_ruins_grid_1, column_ruins_open_tiny_water,
          column_ruins_columns_plus, column_ruins_grid_1,
          grunt_pan_entry_in_and_out
Depths:3: minmay_ornate_pinched, layout_cave_shapes, enter_ziggurat_b,
          minmay_misc_feat_square, serial_shops, nicolae_shop_hallway_stairs,
          hell_entry, abyss_entry_crystal, hangedman_aviary
Depths:4: grunt_x_marks_the_spot, layout_gridlike, minivault_14, hell_entry,
          rand_demon_pan_entry_8, infiniplex_enter_wizlab_spiral,
          lightli_fourway_metalbox, uniq_boris
Zot:1:    layout_misc_corridors, grunt_megastairs_5, uniq_josephina
Zot:2:    layout_misc_corridors
Zot:3:    layout_gridlike, st_small_dragon_hoard_1
Zot:4:    layout_basic, st_stairs_5, zot_minivault_7, lemuel_elevator
Zot:5:    layout_gridlike

Skill      XL: |  1  2  3  4  5  6  7  8  9 10 11 12 13 14 15 16 17 18 19 20 21 |
---------------+----------------------------------------------------------------+-----
Armour         | 4 5 6 7 8 9 10 11 12 13 14 15 17 18 19 21 | 21.3
Fighting       | 4 5 6 7 8 9 10 11 12 13 14 15 17 18 19 21 | 21.3
Shields        | 4 5 6 7 8 9 10 11 12 13 14 15 17 18 19 20 21 | 21.2
Axes           | 3 4 5 6 7 8 10 11 12 13 14 15 17 18 19 20 21 | 21.2
Evocations     | 1 2 3 4 5 6 7 8 9 10 | 10.0
Invocations    | 1 3 4 6 7 8 9 11 12 | 12.0
Dodging        | 1 2 3 4 5 6 7 8 9 10 | 10.0

Action                   |  1- 3 |  4- 6 |  7- 9 | 10-12 | 13-15 | 16-18 | 19-21 || total
-------------------------+-------+-------+-------+-------+-------+-------+-------++-------
Melee: War axe           |    72 |   117 |   207 |       |       |       |       ||   396
       Headbutt          |     8 |    17 |    43 |    89 |   187 |   295 |   273 ||   912
       Battleaxe         |       |       |    12 |   311 |       |       |       ||   323
       Broad axe         |       |       |       |   132 |   804 |  1101 |   886 ||  2923
Throw: Dart              |       |       |       |     3 |       |     3 |     3 ||     9
       Throwing net      |       |       |       |       |       |     1 |     3 ||     4
Invok: Heroism           |       |       |       |    17 |    26 |    29 |    24 ||    96
       Finesse           |       |       |       |       |       |     5 |     4 ||     9
       Duel              |       |       |       |       |       |     1 |     1 ||     2
Evoke: Wand              |       |       |     1 |     4 |     5 |    11 |     1 ||    22
       Lightning rod     |       |       |       |       |       |     5 |       ||     5
  Use: Scroll            |     2 |     8 |     4 |     7 |     6 |     5 |     9 ||    41
       Potion            |       |     1 |     1 |     7 |    13 |     6 |    13 ||    41
 Stab: Petrified         |       |       |       |       |       |    11 |       ||    11
       Petrifying        |       |       |       |       |       |     3 |       ||     3
       Paralysed         |       |       |       |       |       |     1 |       ||     1
       Held in net/web   |       |       |       |       |       |     1 |     2 ||     3
       Invisible         |       |       |       |       |       |       |     1 ||     1
Armor: Scale mail        |    45 |    47 |   102 |    22 |       |       |       ||   216
       Skin              |       |       |     3 |       |       |       |       ||     3
       Plate armour      |       |       |       |   254 |   363 |       |       ||   617
       Crystal plate arm |       |       |       |       |    41 |   669 |   395 ||  1105
       Chain mail        |       |       |       |       |    36 |       |       ||    36
       Gold dragon scale |       |       |       |       |       |       |   234 ||   234
Dodge: Dodged            |    39 |    53 |   135 |   310 |   452 |   473 |   310 ||  1772
Block: Buckler           |    16 |    23 |    70 |       |   152 |   622 |    78 ||   961
       Tower shield      |       |       |       |    93 |   658 |       |   804 ||  1555
       Reflection        |       |       |       |       |       |    40 |     2 ||    42
